 Dungeon Crawl Stone Soup version 0.31-a0-204-g7da18cac08 (webtiles) character file.

Game seed: 17197039535558020790

305 qw the Skirmisher (level 6, 0/35 HPs)
             Began as a Deep Elf Hunter on June 27, 2023.
             Succumbed to a kobold brigand's poison
             ... in a sewer.
             The game lasted 00:00:48 (2171 turns).

qw the Skirmisher (Deep Elf Hunter)                 Turns: 2171, Time: 00:00:49

Health: 0/35       AC:  6    Str: 10    XL:     6   Next: 15%
Magic:  8/8        EV: 11    Int: 14    God:
Gold:   86         SH:  0    Dex: 18    Spells: 5/5 levels left

rFire   . . .        c - +0 shortbow (heavy)
rCold   . . .        (shield currently unavailable)
rNeg    . . .        f - +0 ring mail
rPois   .            j - +0 helmet
rElec   .            (no cloak)
rCorr   .            (no gloves)
SInv    .            (no boots)
Will    .....        (no amulet)
Stlth   +            (no ring)
HPRegen 0.25/turn    (no ring)
MPRegen 0.11/turn

%: no passive effects
@: lethally poisoned (0 -> -9)
A: no striking features
a: no special abilities


You were in a sewer.
You visited 1 branch of the dungeon, and saw 3 of its levels.
You also visited: Sewer.

You collected 86 gold pieces.


   Skills:
 - Level 2.0 Fighting
 + Level 9.6 Ranged Weapons
 - Level 2.4 Dodging
 - Level 1.2 Stealth


You had 5 spell levels left.
You didn't know any spells.
Your spell library was empty.

Inventory:

Hand Weapons
 c - a +0 heavy shortbow (weapon)
Armour
 f - a +0 ring mail (worn)
 j - a +0 helmet (worn)
Scrolls
 g - a scroll of identify
Potions
 a - a potion of curing
 b - a potion of cancellation
 d - a potion of degeneration {unknown}
 h - a potion of brilliance {unknown}
 i - a potion of mutation {unknown}

Dungeon Overview and Level Annotations

Branches:
Dungeon (3/15)              Sewer (1/1)

Altars:


Message History

You shoot an arrow. The arrow barely misses the ufetubus.
The endoplasm quivers.
You feel very sick.
The ufetubus barely misses you. x2; The ufetubus closely misses you.
The ufetubus hits you but does no damage.
The ufetubus hits you. The ufetubus closely misses you.
You shoot an arrow. The arrow closely misses the ufetubus.
You feel very sick. The ufetubus barely misses you.
The ufetubus hits you but does no damage. x2
The ufetubus closely misses you.
You shoot an arrow. The arrow misses the ufetubus.
You feel very sick. The ufetubus hits you. The ufetubus misses you.
A kobold zombie comes into view.
The ufetubus closely misses you. The ufetubus hits you.
The ufetubus closely misses you. x2; The kobold zombie moves out of view.
2165 ||| READING scroll of teleportation.
As you read the scroll of teleportation, it crumbles to dust.
You feel strangely unstable.
You feel sick. The ufetubus barely misses you. The ufetubus closely misses you.
You shoot an arrow. The arrow hits the ufetubus!
You kill the ufetubus!
You feel sick.
2167 ||| FLEEEEING.
You feel sick.
2168 ||| FLEEEEING.
You feel sick.
2169 ||| FLEEEEING.
Your surroundings suddenly seem different.
You feel sick.
You are no longer poisoned.
You shoot an arrow. The arrow hits the kobold brigand!
The kobold brigand is heavily wounded.
The kobold brigand throws a poisoned dart.
The poisoned dart hits you!
You are lethally poisoned!
You shoot an arrow. The arrow hits the kobold zombie!!
You destroy the kobold zombie!
You die...

####################
~~~~~~~~~~~~~~.'@~~#
~~~~~~~~~~~~~..#.~~#
~~~~~~~~~~~~~K.#.~~#
~~~~~~~~~~~~~~.#.~~#
~~~~~~~~~~~~~..#..~#
~~~~~~~~~~~....#.~~#
##~##~##~###.####.##
......)......~~#...#
......).....~~~J...


You could see a kobold brigand.

Vanquished Creatures
  Grinder (D:3)
  4 adders
  A river rat (D:3)
  A shadow imp (Sewer)
  2 ufetubi (Sewer)
  4 ball pythons
  3 bats
  A bat zombie (Sewer)
  5 endoplasms
  3 giant cockroaches
  4 goblins
  4 hobgoblins
  2 jackals (D:2)
  7 kobolds
  4 quokkas
  2 frilled lizards
  2 kobold zombies (Sewer)
  5 rats
55 creatures vanquished.

Notes
Turn   | Place    | Note
-------+----------+-------------------------------------------
     0 | D:1      | qw the Deep Elf Hunter began the quest for the Orb.
     0 | D:1      | Reached XP level 1. HP: 12/12 MP: 3/3
     0 | D:1      | 0 ||| qw: Version: 0.3-a-22-g0ed2b0b
     0 | D:1      | 0 ||| qw: Game counter: 6615
     0 | D:1      | 0 ||| qw: Melee chars always use a shield: true
     0 | D:1      | 0 ||| qw: God list: Okawaru
     0 | D:1      | 0 ||| qw: Allow faded altars: false
     0 | D:1      | 0 ||| qw: Do Orc after clearing Dungeon:15 true
     0 | D:1      | 0 ||| qw: Do second Lair branch before Depths: true
     0 | D:1      | 0 ||| qw: Lair rune preference: random
     0 | D:1      | 0 ||| qw: Goals: Normal
     0 | D:1      | 0 ||| PLANNING D:1-11
   304 | D:1      | Reached skill level 6 in Ranged Weapons
   304 | D:1      | Reached XP level 2. HP: 16/16 MP: 4/4
   579 | D:1      | Found a faded altar of an unknown god.
   583 | D:1      | 583 ||| UPGRADING to +0 ring mail.
   593 | D:1      | 593 ||| DROPPING +0 leather armour.
   594 | D:1      | 594 ||| UPGRADING to +0 helmet.
   599 | D:1      | 599 ||| READING scroll labelled CUENUBIOLU.
   604 | D:1      | 604 ||| READING 2 scrolls labelled TADOROE OMMIES.
   605 | D:1      | 605 ||| READING 2 scrolls labelled ZUOMOO TOZOY.
   606 | D:1      | 606 ||| READING scroll labelled XIMPEXTENUX.
   607 | D:1      | 607 ||| DROPPING scroll of butterflies.
   608 | D:1      | 608 ||| DROPPING scroll of amnesia.
   746 | D:2      | HP: 3/16 [poisoned by an adder]
   747 | D:2      | Reached XP level 3. HP: 4/20 MP: 5/5
   747 | D:2      | 747 ||| READING scroll of teleportation.
   991 | D:2      | Reached skill level 7 in Ranged Weapons
  1407 | D:2      | 1407 ||| READING scroll labelled GAHAYR PYSHONT.
  1408 | D:2      | 1408 ||| READING 3 scrolls of identify.
  1408 | D:2      | 1408 ||| IDENTIFYING pink potion
  1409 | D:2      | 1409 ||| READING 2 scrolls of identify.
  1409 | D:2      | 1409 ||| IDENTIFYING fizzy black potion
  1443 | D:3      | 1443 ||| PLANNING SEWER
  1670 | D:3      | Noticed Grinder
  1680 | D:3      | Killed Grinder
  1681 | D:3      | Reached skill level 9 in Ranged Weapons
  1681 | D:3      | Reached XP level 4. HP: 25/25 MP: 6/6
  1681 | D:3      | Reached XP level 5. HP: 29/29 MP: 7/7
  1845 | D:3      | Found a glowing drain.
  1851 | D:3      | Reached XP level 6. HP: 34/35 MP: 8/8
  1898 | D:3      | 1898 ||| READING scroll labelled JEREWI ZALUDGH.
  1907 | Sewer    | Entered a sewer
  1973 | Sewer    | 1973 ||| FLEEEEING.
  1974 | Sewer    | 1974 ||| FLEEEEING.
  1975 | Sewer    | 1975 ||| FLEEEEING.
  1976 | Sewer    | 1976 ||| FLEEEEING.
  1977 | Sewer    | 1977 ||| FLEEEEING.
  1978 | Sewer    | 1978 ||| FLEEEEING.
  2057 | Sewer    | 2057 ||| FLEEEEING.
  2058 | Sewer    | 2058 ||| FLEEEEING.
  2059 | Sewer    | 2059 ||| FLEEEEING.
  2060 | Sewer    | 2060 ||| FLEEEEING.
  2164 | Sewer    | HP: 8/35 [ufetubus (1)]
  2165 | Sewer    | 2165 ||| READING scroll of teleportation.
  2167 | Sewer    | 2167 ||| FLEEEEING.
  2168 | Sewer    | 2168 ||| FLEEEEING.
  2169 | Sewer    | 2169 ||| FLEEEEING.
  2169 | Sewer    | HP: 3/35 [poisoned by a kobold brigand]
  2171 | Sewer    | Succumbed to a kobold brigand's poison

Levels and vault maps discovered:
D:1:      psy_arrival_dodecagon, layout_loops_ring,
          shapermc_ecumenical_altar_hornbeckon
D:2:      layout_basic, nrook_loot_triangle
D:3:      layout_basic, kennysheep_okawaru_gauntlet, portal_sewer_entry_b,
          serial_rivers, chequers_serial_rivers_marsh,
          chequers_serial_rivers_micro_a, chequers_serial_rivers_small_b,
          chequers_serial_rivers_micro_c, chequers_serial_rivers_large_a,
          minmay_misc_feat_doors, moated_statue, uniq_terence, uniq_grinder
Sewer:    kennysheep_sewer_church

Skill      XL: |  1  2  3  4  5  6 |
---------------+-------------------+-----
Ranged Weapons | 6 9 |  9.6
Fighting       | 2 |  2.0
Dodging        | |  2.4
Stealth        | |  1.2

Action                     |  1- 3 |  4- 6 || total
---------------------------+-------+-------++-------
   Fire: Shortbow          |    93 |    73 ||   166
    Use: Scroll            |     8 |     2 ||    10
 Armour: Leather armour    |     2 |       ||     2
         Ring mail         |     6 |    18 ||    24
  Dodge: Dodged            |    25 |    43 ||    68

Table legend:
 A = Non-vault XP
 B = Vault XP
 C = Vault XP percentage of total XP
 D = Non-vault monster count
 E = Vault monster count
 F = Vault count percentage of total count
                 A         B        C        D         E       F
            +---------+---------+-------+---------+---------+-------
      Total |      95 |     342 |  78.3 |      34 |      21 |  38.2
            +---------+---------+-------+---------+---------+-------
        D:1 |      17 |       0 |   0.0 |      10 |       0 |   0.0
        D:2 |      65 |       0 |   0.0 |      16 |       0 |   0.0
        D:3 |      13 |     300 |  95.8 |       8 |       8 |  50.0
      Sewer |       0 |      42 | 100.0 |       0 |      13 | 100.0
            +---------+---------+-------+---------+---------+-------
